 Dungeon Crawl Stone Soup version 0.28-a0-1199-gef9e1dbd39 (webtiles) character file.

Game seed: 13597777054889898601

56 ytrimaz the Insei (level 3, -3/23 HPs)
             Began as an Octopode Transmuter on Dec 19, 2021.
             Slain by an ancient zyme (7 damage)
             ... on level 1 of the Abyss.
             The game lasted 00:02:17 (2301 turns).

ytrimaz the Insei (Octopode Transmuter)             Turns: 2301, Time: 00:02:18

Health: -3/23      AC:  1    Str:  9    XL:     3   Next: 97%
Magic:  6/6        EV: 13    Int: 17    God:
Gold:   120        SH:  0    Dex: 12    Spells: 1/7 levels left

rFire   . . .      SeeInvis .     - Unarmed
rCold   . . .      Faith    .   (no shield)
rNeg    . . .      Spirit   .   (helmet restricted)
rPois   .          Reflect  .   (no amulet)
rElec   .          Harm     .   a - ring of wizardry
rCorr   .          Rampage  .   (no ring)
Will    .....                   (no ring)
Stlth   ++........              (no ring)
HPRegen 0.00/turn               (no ring)
MPRegen 0.10/turn               (no ring)
                                (no ring)
                                (no ring)

@: sick, invisible
A: almost no armour, amphibious, 8 rings, camouflage 1, gelatinous body 1,
(nimble swimmer 1), tentacles
a: no special abilities


You were on level 1 of the Abyss.
You visited 1 branch of the dungeon, and saw 3 of its levels.
You visited the Abyss 1 time.

You collected 120 gold pieces.

Inventory:

Jewellery
 a - a ring of wizardry (left tentacle)
Scrolls
 c - a scroll of fog


   Skills:
 * Level 1.6 Fighting
 - Level 2.0 Dodging
 + Level 3.7 Unarmed Combat
 * Level 2.5 Spellcasting
 * Level 2.4 Transmutations
 * Level 0.2 Poison Magic


You had one spell level left.
You knew the following spells:

 Your Spells              Type           Power      Damage    Failure   Level
a - Beastly Appendage     Tmut           20%        N/A       2%          1
b - Wereblood             Tmut           10%        N/A       4%          2
c - Spider Form           Tmut/Pois      6%         N/A       12%         3

Your spell library contained the following spells:

 Spells                   Type           Power      Damage    Failure   Level
 Summon Small Mammal      Summ           8%         N/A       8%          1
 Call Canine Familiar     Summ           2%         N/A       22%         3
 Summon Guardian Golem    Hex/Summ       2%         N/A       22%         3
 Ice Form                 Ice/Tmut       6%         N/A       38%         4


Dungeon Overview and Level Annotations

Branches:
Dungeon (3/15)

Altars:
Lugonu

Annotations:
D:3 2 runed translucent doors


Innate Abilities, Weirdness & Mutations

You cannot wear most types of armour.
You are amphibious.
You can wear up to eight rings at the same time.
Your skin changes colour to match your surroundings (Stealth+).
Your rubbery body absorbs attacks. (AC +1, EV +1)
((You are camouflaged near water. (Stealth+)))
You have tentacles for arms and can constrict up to eight enemies at once.


Message History

Unknown command.
You start resting.
Your transformation is almost over.
You start resting.
You feel less wooden.
You start resting.
You feel less attractive to monsters.
You start resting.
You flicker for a moment.
You start resting.
You flicker back into view.
You start resting.
You feel a little less clever now.
You start resting.
A large abomination comes into view.
Unknown command.
Found a rapier.
A spatial vortex comes into view.
A spatial maelstrom comes into view.
A spatial vortex comes into view.
A spatial vortex comes into view.
Found 16 gold pieces.
A spatial vortex comes into view.
Found 30 gold pieces.
A large abomination comes into view.
A ynoxinul comes into view.
Found a pink potion.
An ancient zyme comes into view.
You feel yourself growing ill in the presence of the ancient zyme.
Found a bronze wand.
The ancient zyme barely misses you. The ancient zyme hits you!
Ouch! That really hurt!
* * * LOW HITPOINT WARNING * * *
You feel ill.
You feel ill.
Okay, then.
You fade into invisibility!
The ancient zyme barely misses you. x2
Unknown command.
The ancient zyme hits you!
You die...

### ... # #@####
### . ..
#.##x#.##...# #...
##./.#.....#
#....###..X.###..#
##. .#..###..# #
#...#.#####..#...
#3 #....
.#.......... ..
......X##....##..
#.X
#!###.#.#.#...#


You could see an ancient zyme and a large abomination.

Vanquished Creatures
  An adder (D:2)
  3 dart slugs (D:2)
  8 ball pythons
  4 endoplasms
  A giant cockroach (D:2)
  3 goblins (D:1)
  3 hobgoblins (D:1)
  3 jackals (D:1)
  3 kobolds
  6 bats
  2 frilled lizards
  3 rats
40 creatures vanquished.

Notes
Turn   | Place    | Note
-------+----------+-------------------------------------------
     0 | D:1      | ytrimaz the Octopode Transmuter began the quest for the
                  | Orb.
     0 | D:1      | Reached XP level 1. HP: 13/13 MP: 3/3
   381 | D:1      | Reached XP level 2. HP: 18/18 MP: 3/5
   557 | D:1      | Learned a level 2 spell: Wereblood
  1297 | D:2      | Reached XP level 3. HP: 21/23 MP: 4/6
  1397 | D:2      | Learned a level 3 spell: Spider Form
  2173 | D:3      | Found a large runed translucent door.
  2173 | D:3      | Found a corrupted altar of Lugonu.
  2173 | D:3      | Found a large runed translucent door.
  2181 | D:3      | HP: 1/34 [kobold (5)]
  2182 | D:3      | Cast into level 1 of the Abyss (kobold)
  2264 | Abyss:1  | Noticed a large abomination
  2269 | Abyss:1  | Noticed a spatial vortex
  2269 | Abyss:1  | Noticed a spatial maelstrom
  2270 | Abyss:1  | Noticed a spatial vortex
  2271 | Abyss:1  | Noticed a spatial vortex
  2272 | Abyss:1  | Noticed a spatial vortex
  2282 | Abyss:1  | Noticed a large abomination
  2282 | Abyss:1  | Noticed a ynoxinul
  2292 | Abyss:1  | Noticed an ancient zyme
  2301 | Abyss:1  | Slain by an ancient zyme

Illustrated notes

Levels and vault maps discovered:
D:1:      minmay_arrival_checkered_box, layout_loops_corners
D:2:      layout_loops_ring, minmay_tetromino_t4
D:3:      due_chaos_kobolds, layout_loops_ring
Abyss:1:  base: D:2, bh_silent_lugonu_exit

Action                   || total
-------------------------++-------
Melee: Unarmed           ||    95
       Constrict         ||    26
       Tentacles         ||    11
       Kick              ||     5
       Punch             ||     2
 Cast: Beastly Appendage ||     7
       Wereblood         ||     1
  Use: Scroll            ||     3
       Potion            ||     6
 Stab: Sleeping          ||    10
Armor: Skin              ||    15
Dodge: Dodged            ||    68

Table legend: (Time is in decaauts)
 A = Elapsed time spent in this place.
 B = Non-inter-level travel time spent in this place.
 C = Inter-level travel time spent in this place.
 D = Time resting spent in this place.
 E = Time spent auto-exploring this place.
 F = Levels seen in this place.
 G = Mean time per level.
                   A        B        C        D        E       F      G
               +--------+--------+--------+--------+--------+-----+--------+
         Total |   2293 |   2247 |     46 |     78 |   1823 |   4 |  573.2 |
       Dungeon |   2174 |   2128 |     46 |      0 |   1823 |   3 |  724.7 |
         Abyss |    118 |    118 |      0 |     78 |      0 |   1 |  118.0 |
               +--------+--------+--------+--------+--------+-----+--------+

Top non-repeatable levels by time:
     D:1: 1282 daAuts
     D:2: 883 daAuts
 Abyss:1: 118 daAuts
     D:3: 8 daAuts
